 Dungeon Sprint DCSS version bcrawl-1.20 (webtiles) character file.

Game seed: 15000276437500983656

219 Freyura the Cudgeler (level 5, 0/44 HPs)
             Began as a Demonspawn Abyssal Knight on Jan 19, 2020.
             Was a Priest of Lugonu.
             Slain by a six-headed hydra (9 damage)
             ... in the Dungeon (Sprint IX: "|||||||||||||||||||||||||||||").
             The game lasted 00:03:28 (292 turns).

Freyura the Cudgeler (Demonspawn Abyssal Knight)     Turns: 292, Time: 00:03:28

Health: 0/44       AC: 11    Str: 12    XL:     5   Next: 63%
Magic:  10/10      EV: 16    Int: 13    God:    Lugonu [***...]
Gold:   0          SH:  0    Dex: 14    Spells: 4/4 levels left

rFire    + . .     SeeInvis .   o - +2 dire flail (crush)
rCold    . . .     Gourm    .   (shield currently unavailable)
rNeg     . . .     Faith    .   f - +0 steam dragon scales
rPois    .         Spirit   .   (no helmet)
rElec    .         Reflect  .   (no cloak)
rCorr    .         Harm     .   (no gloves)
MR       .....     NoTele   +   p - +0 pair of boots
Stlth    +.........             (no amulet)
HPRegen  0.14/turn              q - +2 ring of evasion
MPRegen  0.12/turn              (no ring)

@: no status effects
A: iridescent scales 2, fire resistance 1
a: Bend Space, Banish, Renounce Religion


You were in the Dungeon.
You worshipped Lugonu.
Lugonu was most pleased with you.
You were not hungry.

You visited 1 branch

Inventory:

Hand Weapons
 o - a +2 dire flail of crushing (weapon)
Armour
 f - +0 steam dragon scales (worn)
 p - a +0 pair of boots (worn)
Jewellery
 q - a +2 ring of evasion (left hand)
Wands
 n - a wand of iceblast (10)
Scrolls
 j - 2 scrolls of blinking
 l - 3 scrolls of remove curse
 m - 2 scrolls of amnesia
Potions
 d - 5 potions of curing
 g - a potion of haste
 h - 4 potions of magic
 i - a potion of invisibility
 k - a potion of heal wounds
Comestibles
 e - a ration {!d}


   Skills:
 + Level 5.5 Fighting
 * Level 6.6 Maces & Flails
 + Level 4.6 Armour
 + Level 4.2 Dodging
 + Level 6.6 Invocations


You had 4 spell levels left.
You didn't know any spells.
Your spell library was empty.

Dungeon Overview and Level Annotations

Branches:
Dungeon (1/1)

Altars:
Cheibriados
Dithmenos
Elyvilon
Fedhas
Gozag
Hepliaklqana
Kikubaaqudgha
Lugonu
Makhleb
Nemelex Xobeh
Okawaru
Qazlal
Ru
Sif Muna
Trog
Uskayaw
Vehumet
Wu Jian
Xom
Yredelemnul
Zin
The Shining One
Beogh
Jiyva


Innate Abilities, Weirdness & Mutations

You are mostly covered in iridescent scales. (AC +4)
Your flesh is heat resistant. (rF+)


Message History

You puncture the six-headed hydra!
The six-headed hydra is lightly wounded.
You sock the six-headed hydra!
The six-headed hydra is moderately wounded.
The six-headed hydra barely misses you. The six-headed hydra bites you.
The six-headed hydra bites you! The six-headed hydra barely misses you.
The six-headed hydra bites you but does no damage.
The six-headed hydra bites you!
You sock the six-headed hydra!
The six-headed hydra is severely wounded.
The six-headed hydra misses you.
The six-headed hydra bites you but does no damage.
The six-headed hydra bites you. The six-headed hydra bites you!
* * * LOW HITPOINT WARNING * * *
The six-headed hydra closely misses you. x2
You feel much better. The six-headed hydra barely misses you.
The six-headed hydra bites you! x2
* * * LOW HITPOINT WARNING * * *
The six-headed hydra bites you!
You die... ▓▓▓▓▓▓▓▓▓▓▓▓▓▓▓▓▓▓▓▓▓▓▓▓ ..ohTFD@=[[.)|..'_______ ▓▓▓▓▓▓▓▓▓▓▓▓▓▓▓▓▓▓▓▓▓▓▓▓

You could see a six-headed hydra, a troll, an orc warrior, a bullfrog and a jackal.

Vanquished Creatures
  A steam dragon (D)
  A crimson imp (D)
  A hound (D)
  An adder (D)
  A dart slug (D)
  A goblin (D)
  2 hobgoblins (D)
  A rat (D)
9 creatures vanquished.

Notes
Turn   | Place    | Note
-------+----------+-------------------------------------------
     0 | D        | Freyura the Demonspawn Abyssal Knight began the quest for
                  | the Orb.
     0 | D        | Reached XP level 1. HP: 18/18 MP: 2/2
     8 | D        | Reached skill level 1 in Dodging
    10 | D        | Reached ** piety under Lugonu
    64 | D        | Noticed a hound
    64 | D        | Noticed a steam dragon
    64 | D        | Noticed a crimson imp
    64 | D        | Noticed a hound
    71 | D        | Killed a hound
    71 | D        | Reached *** piety under Lugonu
    71 | D        | Gained mutation: You are partially covered in iridescent
                  | scales. (AC +2) [demonic ancestry]
    71 | D        | Reached XP level 2. HP: 11/25 MP: 5/5
    71 | D        | Gained mutation: You are mostly covered in iridescent
                  | scales. (AC +4) [demonic ancestry]
    71 | D        | Reached XP level 3. HP: 13/30 MP: 6/6
    78 | D        | Killed a steam dragon
    78 | D        | Reached skill level 5 in Fighting
    78 | D        | Reached XP level 4. HP: 12/39 MP: 6/8
    78 | D        | Gained mutation: Your flesh is heat resistant. (rF+)
                  | [demonic ancestry]
    78 | D        | Reached XP level 5. HP: 13/44 MP: 6/9
   230 | D        | Found a roughly hewn altar of Beogh.
   230 | D        | Found a snail-covered altar of Cheibriados.
   230 | D        | Found a shadowy altar of Dithmenos.
   230 | D        | Found a white marble altar of Elyvilon.
   230 | D        | Found a blossoming altar of Fedhas.
   230 | D        | Found an opulent altar of Gozag.
   231 | D        | Found a hazy altar of Hepliaklqana.
   232 | D        | Found a viscous altar of Jiyva.
   233 | D        | Found an ancient bone altar of Kikubaaqudgha.
   234 | D        | Found a corrupted altar of Lugonu.
   235 | D        | Found a burning altar of Makhleb.
   236 | D        | Found a sparkling altar of Nemelex Xobeh.
   237 | D        | Found an iron altar of Okawaru.
   238 | D        | Found a stormy altar of Qazlal.
   239 | D        | Found a sacrificial altar of Ru.
   240 | D        | Found a shimmering blue altar of Sif Muna.
   241 | D        | Found a bloodstained altar of Trog.
   242 | D        | Found a hide-covered altar of Uskayaw.
   243 | D        | Found a radiant altar of Vehumet.
   244 | D        | Found an ornate altar of the Wu Jian Council.
   245 | D        | Found a shimmering altar of Xom.
   246 | D        | Found a basalt altar of Yredelemnul.
   247 | D        | Found a glowing silver altar of Zin.
   248 | D        | Found a glowing golden altar of the Shining One.
   287 | D        | Noticed an orc warrior
   287 | D        | Noticed a troll
   287 | D        | Noticed a six-headed hydra
   292 | D        | Slain by a six-headed hydra

Skill      XL: |  1  2  3 |
---------------+----------+-----
Maces & Flails | 3 6 |  6.6
Dodging        | 2 4 |  4.2
Armour         | 2 4 |  4.6
Invocations    | 4 6 |  6.6
Fighting       | 5 |  5.5

Action                   |  1- 3 |  4- 6 || total
-------------------------+-------+-------++-------
Melee: Mace              |    26 |     8 ||    34
       Dire flail        |       |     3 ||     3
  Use: Potion            |     1 |     2 ||     3
Armor: Leather armour    |    11 |     8 ||    19
       Steam dragon scal |       |     2 ||     2
Dodge: Dodged            |     9 |    14 ||    23
